 Dungeon Crawl Stone Soup version 0.16.0-18-g484a79e (webtiles) character file.

126 McCoppin the Sneak (level 5, -17/36 HPs)
             Began as an Octopode Fighter on Mar 22, 2015.
             Splashed by a jelly's acid (18 damage)
             ... on level 5 of the Dungeon.
             The game lasted 00:06:41 (3100 turns).

McCoppin the Sneak (Octopode Fighter)               Turns: 3100, Time: 00:06:44

Health: -17/36     AC:  1    Str: 15    XL:     5   Next: 9%
Magic:  5/5        EV: 10    Int: 10    God:
Gold:   250        SH:  8    Dex: 13    Spells: 0 memorised, 4 levels left

rFire  . . .     SeeInvis +     a - +1 long sword
rCold  . . .     Clarity  .     c - +0 shield
rNeg   . . .     SustAb   .     (helmet restricted)
rPois  +         Gourm    .     (no amulet)
rElec  .         Spirit   .     h - ring of flight
rCorr  .         Warding  .     r - ring of see invisible
rMut   .         Stasis   .     d - ring of poison resistance
MR     .....                    (no ring)
Stlth  +++++.....               (no ring)
                                (no ring)
                                (no ring)
                                (no ring)

@: not resistant to hostile enchantments, quite stealthy
A: almost no armour, amphibious, 8 rings, constrict 8, camouflage 1, gelatinous
body 1
a: Evoke Flight


You were on level 5 of the Dungeon.
You were hungry.

You visited 1 branch of the dungeon, and saw 5 of its levels.

You collected 250 gold pieces.

Inventory:

Hand weapons
 a - a +1 long sword (weapon)
Armour
 c - a +0 shield (worn)
Jewellery
 d - a ring of poison resistance (on tentacle)
 h - a ring of flight (left tentacle)
 r - a ring of see invisible (right tentacle)
Scrolls
 g - 4 scrolls of identify
 m - 2 scrolls of immolation {unknown}
 n - a scroll of enchant armour {unknown}
 p - 2 scrolls of teleportation
Potions
 e - 2 potions of might
 f - a potion of curing
 j - a potion of berserk rage
 k - a potion of heal wounds
 l - a potion of magic
 q - a potion of cancellation
Comestibles
 b - 2 meat rations
 i - a bread ration


   Skills:
 - Level 3.0 Fighting
 - Level 2.0 Long Blades
 - Level 3.0 Dodging
 + Level 6.6 Stealth
 - Level 3.0 Shields


You had 4 spell levels left.
You didn't know any spells.

Dungeon Overview and Level Annotations

Branches:
Dungeon (5/15)
 Temple: D:4-7

Altars:
Ashenzari
Gozag
Makhleb
Ru
Sif Muna
Trog
Vehumet
Yredelemnul

Shops:
D:5 (


Innate Abilities, Weirdness & Mutations

You cannot wear most types of armour.
You are amphibious.
You can wear up to eight rings at the same time.
You can use your tentacles to constrict many enemies at once.
Your skin changes colour to match your surroundings (Stealth).
Your rubbery body absorbs attacks (AC +1).


Message History

You open the door.
A jelly comes into view.
There is an open door here.
The helpless jelly fails to defend itself.
You slash the jelly!
The jelly is severely wounded.
The jelly closely misses you. The jelly hits you.
You are splashed with acid!
The acid burns!
You are too injured to fight recklessly!
You hit the jelly but do no damage.
The jelly is severely wounded.
The jelly hits you.
You are splashed with acid!
The acid burns!
* * * LOW HITPOINT WARNING * * *
Your shield prevents you from hitting the jelly.
The jelly is severely wounded.
The jelly misses you. The jelly hits you.
* * * LOW HITPOINT WARNING * * *
You are splashed with acid!
The acid burns!
Ouch! That really hurt!
You die...

#.#...................
..#....................
..'....................
..#....................
###.....................
#......####+##..........
#......+ #.........#
#......# ##'###....#
#......# #.@.# ...
'......# +..J+ .
#......# #...# ..###+##
#...# ..# ....+ ..+
#....# ..# #....# ..#
+....# ..# ...


You could see a jelly.

Vanquished Creatures
  A worker ant (D:4)
  Ijyb (D:2)
  3 adders
  An ooze (D:1)
  3 orcs (D:5)
  6 bats
  8 giant cockroaches
  7 hobgoblins
  A ball python (D:3)
  4 giant geckos
  4 giant newts
  5 goblins
  6 kobolds
  9 rats
59 creatures vanquished.

Notes
Turn   | Place    | Note
--------------------------------------------------------------
     0 | D:1      | McCoppin, the Octopode Fighter, began the quest for the Orb.
     0 | D:1      | Reached XP level 1. HP: 16/16 MP: 1/1
    41 | D:1      | Reached skill level 1 in Stealth
   104 | D:1      | Reached XP level 2. HP: 18/21 MP: 2/2
   504 | D:2      | Noticed Ijyb
   526 | D:2      | Killed Ijyb
   526 | D:2      | Reached skill level 4 in Stealth
   526 | D:2      | Reached XP level 3. HP: 11/26 MP: 3/3
  1238 | D:2      | Reached skill level 5 in Stealth
  1280 | D:2      | Reached XP level 4. HP: 28/31 MP: 4/4
  1534 | D:3      | Found a deep blue altar of Sif Muna.
  1535 | D:3      | Found a burning altar of Makhleb.
  1535 | D:3      | Found a basalt altar of Yredelemnul.
  1535 | D:3      | Found an opulent altar of Gozag.
  1536 | D:3      | Found a radiant altar of Vehumet.
  1536 | D:3      | Found a shattered altar of Ashenzari.
  1550 | D:3      | Found a sacrificial altar of Ru.
  2266 | D:4      | Reached skill level 6 in Stealth
  2502 | D:4      | Reached XP level 5. HP: 30/36 MP: 5/5
  2641 | D:4      | Noticed an ogre
  2645 | D:4      | Found a bloodstained altar of Trog.
  2926 | D:5      | Entered Level 5 of the Dungeon
  2979 | D:5      | Found Thaucs' Weapon Emporium.
  3100 | D:5      | HP: 1/36 [jelly (3)]
  3100 | D:5      | Splashed by a jelly's acid

Action                   |  1- 3 |  4- 6 || total
-------------------------+-------+-------++-------
Melee: Long sword        |    69 |    48 ||   117
  Use: Potion            |       |     9 ||     9
       Scroll            |       |     7 ||     7
 Stab: Sleeping          |     8 |     9 ||    17
  Eat: Bread ration      |       |     1 ||     1
       Chunk             |       |     2 ||     2
